 Seeded DCSS version 0.28.0-62-gf88900778d (webtiles) character file.

Game seed: 13591998346360536447 (custom seed)

1351 Psyclone the Conjurer (level 8, -14/58 HPs)
             Began as a Gnoll Conjurer on Oct 29, 2023.
             Was an Initiate of Gozag.
             Demolished by a wyvern (19 damage)
             ... on level 8 of the Dungeon.
             The game lasted 00:04:58 (3272 turns).

Psyclone the Conjurer (Gnoll Conjurer)              Turns: 3272, Time: 00:04:59

Health: -14/58     AC:  1    Str: 13    XL:     8   Next: 63%
Magic:  0/17       EV: 13    Int: 27    God:    Gozag
Gold:   2343       SH:  0    Dex: 10    Spells: 8/19 levels left

rFire   + + +      SeeInvis .     - Unarmed
rCold   + . .      Faith    .   (no shield)
rNeg    + . .      Spirit   .   a - +0 robe
rPois   +          Reflect  .   e - -2 hat of the Alchemist {rElec rPois rF+ rC+ rN+ Will+ rMut rCorr}
rElec   +          Harm     .   (no cloak)
rCorr   +          Rampage  .   k - +0 pair of gloves
rMut    +                       (no boots)
Will    ++...                   (no amulet)
Stlth   +++.......              b - ring of Autumn {rF++ rCorr Str+6 Int+7}
HPRegen 0.19/turn               (no ring)
MPRegen 0.15/turn

@: hasted, very quick
A: fangs 1, strong nose, distributed training, strong-willed 1, noise
suppression
a: Renounce Religion, Potion Petition, Call Merchant, Bribe Branch


You were on level 8 of the Dungeon.
You worshipped Gozag.
Gozag was most pleased with you.
You visited 1 branch of the dungeon, and saw 9 of its levels.

You collected 7007 gold pieces.
You paid 4664 gold pieces to Gozag.

Inventory:

Armour
 a - a +0 robe (worn)
 e - the -2 hat of the Alchemist (worn) {rElec rPois rF+ rC+ rN+ Will+ rMut rCorr}
   (You acquired it on level 4 of the Dungeon)

   rF:        It protects you from fire.
   rC:        It protects you from cold.
   rElec:     It insulates you from electricity.
   rPois:     It protects you from poison.
   rN:        It protects you from negative energy.
   rCorr:     It protects you from acid and corrosion.
   rMut:      It protects you from mutation.
   Will:      It increases your willpower.
 k - a +0 pair of gloves (worn)
Jewellery
 b - the ring of Autumn (left hand) {rF++ rCorr Str+6 Int+7}
   (You acquired it on level 2 of the Dungeon)

   [ring of strength]

   Str:       It affects your strength (+6).
   Int:       It affects your intelligence (+7).
   rF:        It greatly protects you from fire.
   rCorr:     It protects you from acid and corrosion.
 h - an amulet of reflection
Wands
 f - a wand of mindburst (17)
 j - a wand of iceblast (5)
Scrolls
 c - 2 scrolls of teleportation {unknown}
 d - 3 scrolls of identify {unknown}
 n - a scroll of blinking {unknown}
Potions
 g - a potion of ambrosia {unknown}
 i - 2 potions of curing {unknown}
 m - 2 potions of brilliance {unknown}
 o - a potion of heal wounds {unknown}


   Skills:
 + Level 3.4 Fighting
 + Level 3.4 Short Blades
 + Level 3.4 Long Blades
 + Level 3.4 Axes
 + Level 3.4 Maces & Flails
 + Level 3.4 Polearms
 + Level 3.4 Staves
 + Level 3.4 Slings
 + Level 3.4 Bows
 + Level 3.4 Crossbows
 + Level 3.4 Throwing
 + Level 3.4 Armour
 + Level 5.8 Dodging
 + Level 5.4 Stealth
 + Level 3.4 Shields
 + Level 3.4 Unarmed Combat
 + Level 6.1 Spellcasting
 + Level 7.7 Conjurations
 + Level 2.8 Hexes
 + Level 2.8 Summonings
 + Level 2.8 Necromancy
 + Level 2.8 Translocations
 + Level 2.8 Transmutations
 + Level 2.8 Fire Magic
 + Level 2.8 Ice Magic
 + Level 2.8 Air Magic
 + Level 2.8 Earth Magic
 + Level 2.8 Poison Magic
 + Level 3.8 Invocations
 + Level 3.4 Evocations


You had 8 spell levels left.
You knew the following spells:

 Your Spells              Type           Power      Damage    Failure   Level
a - Magic Dart            Conj           100%       1d8       1%          1
b - Searing Ray           Conj           100%       2d8       1%          2
d - Fulminant Prism       Conj/Hex       18%        3d11      8%          4
e - Iskenderun's Mystic   Conj/Tloc      36%        2d9       8%          4

Your spell library contained the following spells:

 Spells                   Type           Power      Damage    Failure   Level
 Foxfire                  Conj/Fire      100%       2x1d9     1%          1
 Conjure Flame            Conj/Fire      36%        6-21      2%          3
 Dazzling Flash           Conj/Hex       72%        N/A       2%          3
 Inner Flame              Hex/Fire       23%        N/A       6%          3
 Flame Wave               Conj/Fire      36%        2d9       8%          4


Dungeon Overview and Level Annotations

Branches:
Dungeon (9/15)
 Temple: D:4-7         Lair: D:8-11         Orc: D:9-12

Altars:
Gozag
Okawaru
Sif Muna
The Shining One

Shops:
D:5 :=:   D:9 [:

Annotations:
D:5 Menkaure


Innate Abilities, Weirdness & Mutations

You have very sharp teeth.
Your uncanny sense of smell can sniff out nearby items.
Your experience applies equally to all skills.
You are strong-willed. (Will+)
You passively dampen the noise of your surroundings.


Message History

A fulminant prism comes into view.
You now have 3/17 mp.
Your fulminant prism crackles loudly.
Your fulminant prism explodes!
You hear a bellow!
Casting: Fulminant Prism (dangerous; 8% risk of failure)
Confirm with . or Enter, or press ? or * to list all spells.
Aiming: Fulminant Prism (dangerous; 8% risk of failure)
Press: ? - help, Dir - move target You conjure a prism of explosive energy!
A fulminant prism comes into view.
The wyvern closely misses you.
You now have 0/17 mp.
The wyvern bites you.
Your fulminant prism crackles loudly.
You take 6 damage, and have 52/58 hp.
Your fulminant prism explodes!
The blast of energy engulfs the wyvern.
The wyvern is almost dead.
You hit the wyvern but do no damage. You punch the wyvern, but do no damage.
The wyvern is almost dead.
The wyvern closely misses you. The wyvern bites you!
You take 17 damage, and have 35/58 hp.
MASSIVE DAMAGE!!
The wyvern bites you!
Items here: ))) [[[.
You take 13 damage, and have 23/58 hp.
MASSIVE DAMAGE!!
Casting: Fulminant Prism (dangerous; 8% risk of failure)
Confirm with . or Enter, or press ? or * to list all spells.
Aiming: Magic Dart (safe; 1% risk of failure)
Press: ? - help, Shift-Dir - straight line, f - wyvern
Aim: a wyvern (almost dead, 100% to hit)
The magic dart hits the wyvern but does no damage.
The wyvern is almost dead.
The wyvern bites you!!
* * * LOW HITPOINT WARNING * * *
You take 18 damage, and have 5/58 hp.
MASSIVE DAMAGE!!
You now have 0/17 mp.
It was a potion of haste.
You feel yourself speed up. The wyvern barely misses you.
The wyvern bites you!!
You die...
Your body crumbles into a pile of gold.

######### #.......# #.......#
##.......# ###############
##........# . ............#
####.........# # #..........#
##....#.......#
####..........#####..####.......#
.##.............@l..)...........#
.....<........####.....##........
..##.................####........
..##.≈≈######.#......# ########.
.....≈## ##.......# ## .....≈#
#...#...# # .....≈# #.###...# #
..##.≈# ### ##.## # ..##..+ #.# #


You could see a wyvern.

Vanquished Creatures
  A yak (D:8)
  2 basilisks (D:8)
  A steam dragon (D:8)
  An ice beast (D:5)
  A sky beast (D:5)
  A gnoll sergeant (D:9)
  2 bullfrogs
  A scorpion (D:8)
  A howler monkey (D:9)
  4 wights (D:8)
  A bullfrog zombie (D:5)
  3 bullfrog skeletons
  A howler monkey zombie (D:9)
  3 gnolls (D:9)
  A howler monkey skeleton (D:6)
  2 endoplasms (D:4)
  A hobgoblin (D:4)
  3 jackals (D:1)
  A kobold (D:1)
  2 quokkas (D:5)
  2 ball pythons
  2 rats (D:1)
37 creatures vanquished.

Vanquished Creatures (others)
  14 fulminant prisms (D:8)
  14 plants (D:8)
28 creatures vanquished.

Grand Total: 65 creatures vanquished

Notes
Turn   | Place    | Note
-------+----------+-------------------------------------------
     0 | D:1      | Psyclone the Gnoll Conjurer began the quest for the Orb.
     0 | D:1      | Reached XP level 1. HP: 13/13 MP: 6/6
   319 | D:2      | Identified a scroll of acquirement
   319 | D:2      | Acquired the ring of Autumn {rF++ rCorr Str+6 Int+7}
   382 | D:1      | Reached XP level 2. HP: 19/19 MP: 5/7
   513 | D:2      | Acquired 1369 gold pieces
   568 | D:2      | Acquired 1234 gold pieces
   607 | D:3      | Found a glowing golden altar of the Shining One.
   615 | D:3      | Learned a level 2 spell: Searing Ray
   785 | D:4      | Acquired the -2 hat of the Alchemist {rElec rPois rF+ rC+
                  | rN+ Will+ rMut rCorr}
   785 | D:4      | Found the -2 hat of the Alchemist {rElec rPois rF+ rC+ rN+
                  | Will+ rMut rCorr}
   815 | D:4      | Gained mutation: You are strong-willed. (Will+) [potion of
                  | mutation]
   815 | D:4      | Gained mutation: You passively dampen the noise of your
                  | surroundings. [potion of mutation]
   861 | D:4      | Reached skill level 5 in Spellcasting
   861 | D:4      | Reached skill level 1 in Invocations
   861 | D:4      | Reached XP level 3. HP: 25/25 MP: 2/9
   924 | D:5      | Entered Level 5 of the Dungeon
   928 | D:5      | Reached skill level 1 in Fighting
   928 | D:5      | Reached skill level 1 in Short Blades
   928 | D:5      | Reached skill level 1 in Long Blades
   928 | D:5      | Reached skill level 1 in Axes
   928 | D:5      | Reached skill level 1 in Maces & Flails
   928 | D:5      | Reached skill level 1 in Polearms
   928 | D:5      | Reached skill level 1 in Staves
   928 | D:5      | Reached skill level 1 in Slings
   928 | D:5      | Reached skill level 1 in Bows
   928 | D:5      | Reached skill level 1 in Crossbows
   928 | D:5      | Reached skill level 1 in Throwing
   928 | D:5      | Reached skill level 1 in Armour
   928 | D:5      | Reached skill level 1 in Shields
   928 | D:5      | Reached skill level 1 in Unarmed Combat
   928 | D:5      | Reached skill level 1 in Evocations
   928 | D:5      | Reached XP level 4. HP: 32/32 MP: 6/11
   990 | D:5      | Found a shimmering blue altar of Sif Muna.
  1023 | D:5      | Noticed an ice beast
  1028 | D:5      | Killed an ice beast
  1029 | D:5      | Reached skill level 1 in Hexes
  1029 | D:5      | Reached skill level 1 in Summonings
  1029 | D:5      | Reached skill level 1 in Necromancy
  1029 | D:5      | Reached skill level 1 in Translocations
  1029 | D:5      | Reached skill level 1 in Transmutations
  1029 | D:5      | Reached skill level 1 in Fire Magic
  1029 | D:5      | Reached skill level 1 in Ice Magic
  1029 | D:5      | Reached skill level 1 in Air Magic
  1029 | D:5      | Reached skill level 1 in Earth Magic
  1029 | D:5      | Reached skill level 1 in Poison Magic
  1029 | D:5      | Reached XP level 5. HP: 37/37 MP: 4/12
  1168 | D:5      | Found an opulent altar of Gozag.
  1175 | D:5      | Became a worshipper of Gozag Ym Sagoz the Greedy
  1758 | D:5      | Found an iron altar of Okawaru.
  1775 | D:5      | Noticed a centaur
  1776 | D:5      | Noticed a sky beast
  1783 | D:5      | Killed a sky beast
  1784 | D:5      | Reached XP level 6. HP: 37/44 MP: 9/14
  1845 | D:5      | Noticed Menkaure
  1852 | D:6      | Reached skill level 5 in Dodging
  1926 | D:6      | Noticed a sky beast
  2116 | D:9      | Acquired 1391 gold pieces
  2147 | D:9      | Acquired 1295 gold pieces
  2168 | D:9      | Acquired 1284 gold pieces
  2329 | D:9      | Reached XP level 7. HP: 45/50 MP: 9/15
  2456 | D:9      | Found the +8 storm bow {elec, penet}
  2464 | D:9      | Noticed a yak
  2464 | D:9      | Noticed a yak
  2464 | D:9      | Noticed a yak
  2464 | D:9      | Noticed a yak
  2465 | D:9      | Noticed a yak
  2520 | D:8      | Learned a level 4 spell: Fulminant Prism
  2525 | D:8      | Learned a level 4 spell: Iskenderun's Mystic Blast
  2553 | D:8      | Reached skill level 5 in Stealth
  2848 | D:8      | Noticed a steam dragon
  2863 | D:8      | Killed a steam dragon
  2864 | D:8      | Reached XP level 8. HP: 28/58 MP: 4/16
  3033 | D:8      | Noticed a yak
  3034 | D:8      | Noticed a yak
  3035 | D:8      | Noticed a yak
  3049 | D:8      | Killed a yak
  3237 | D:8      | Noticed a wyvern
  3272 | D:8      | Demolished by a wyvern

Illustrated notes

Levels and vault maps discovered:
D:1:      wander_arrival_fairy_ring, layout_basic, chequers_serial_rivers_room_a
D:2:      layout_loops_ring, shapermc_ecumenical_altar_venn, uniq_natasha
D:3:      layout_loops_ring, mainiacjoe_overflow_chevrons,
          gammafunk_ghost_arena, hangedman_glass_teeth
D:4:      layout_basic, nicolae_hepliaklqana_monster_ancestors,
          due_unseen_surprise
D:5:      layout_basic, lemuel_doored_altar, overflow_temple_1_default,
          amethyst_overflow_temple_binary, minmay_manual_mess, uniq_ijyb,
          uniq_edmund, uniq_sigmund, uniq_menkaure
D:6:      layout_layer_cave, minmay_temple_entry_hall
D:7:      layout_basic, nicolae_wu_jian_immortal_techniques
D:8:      layout_rooms, lightli_temple_of_fire, minmay_lair_entry_grove,
          serial_shops, shop
D:9:      layout_cave_pools, grunt_decor_clamped

Skill      XL: |  1  2  3  4  5  6  7  8 |
---------------+-------------------------+-----
Spellcasting   | 5 6 |  6.1
Invocations    | 1 2 3 |  3.8
Fighting       | 1 2 3 |  3.4
Short Blades   | 1 2 3 |  3.4
Long Blades    | 1 2 3 |  3.4
Axes           | 1 2 3 |  3.4
Maces & Flails | 1 2 3 |  3.4
Polearms       | 1 2 3 |  3.4
Staves         | 1 2 3 |  3.4
Slings         | 1 2 3 |  3.4
Bows           | 1 2 3 |  3.4
Crossbows      | 1 2 3 |  3.4
Throwing       | 1 2 3 |  3.4
Armour         | 1 2 3 |  3.4
Shields        | 1 2 3 |  3.4
Unarmed Combat | 1 2 3 |  3.4
Evocations     | 1 2 3 |  3.4
Hexes          | 1 2 |  2.8
Summonings     | 1 2 |  2.8
Necromancy     | 1 2 |  2.8
Translocations | 1 2 |  2.8
Transmutations | 1 2 |  2.8
Fire Magic     | 1 2 |  2.8
Ice Magic      | 1 2 |  2.8
Air Magic      | 1 2 |  2.8
Earth Magic    | 1 2 |  2.8
Poison Magic   | 1 2 |  2.8
Dodging        | 5 |  5.8
Stealth        | 5 |  5.4
Conjurations   | |  7.7

Action                   |  1- 3 |  4- 6 |  7- 9 || total
-------------------------+-------+-------+-------++-------
Melee: Unarmed           |       |       |     1 ||     1
       Punch             |       |       |     1 ||     1
 Cast: Magic Dart        |    11 |     2 |     6 ||    19
       Searing Ray       |     4 |    13 |     8 ||    25
       Fulminant Prism   |       |       |    14 ||    14
Invok: Call Merchant     |       |     5 |       ||     5
  Use: Scroll            |     4 |     3 |       ||     7
       Potion            |     1 |       |     1 ||     2
Dodge: Dodged            |     1 |     4 |    13 ||    18
